Map: Acid Plant LE

Players

SMEGmacNchiZ

  • Race: Protoss Protoss
  • League: Gold
  • Spawn Location: 11:00

Kozzy - Winner!

  • Race: Protoss Protoss
  • League: Gold
  • Spawn Location: 5:00

VOD

Have the link to the VOD?

Description

Time

  • Played on: April 5, 2018, 11:19 p.m.
  • Length: 6:24
Show
View Real Time Build Order
Export as new Build Order

SMEGmacNchiZ Protoss 

Build Orders:  

Get SALT Encoding   

  12  0:00  Probe  
  13  0:13  Probe  
  14  0:20  Pylon  
  14  0:26  Probe  
  15  0:43  Probe, Gateway  
  16  0:52  Assimilator  
  16  0:55  Probe  
  17  1:02  Gateway  
  17  1:09  Probe  
  17  1:19  Assimilator  
  17  1:31  Cybernetics Core  
  17  1:33  Probe  
  17  1:39  Pylon  
  18  1:46  Probe  
  19  1:58  Probe  
  20  2:07  Stalker x2 (Chrono Boost)  
  24  2:10  Warp Gate  
  24  2:13  Probe  
  25  2:25  Probe  
  25  2:29  Stalker (Chrono Boost)  
  30  2:40  Stalker (Chrono Boost)  
  30  2:54  Pylon  
  30  3:12  Stalker x2  
  30  3:51  Nexus  
  30  4:00  Shield Battery  
  30  4:06  Probe (Chrono Boost)  
  31  4:12  Robotics Facility  
  31  4:15  Pylon  
  31  4:17  Probe (Chrono Boost), Gateway  
  32  4:21  Probe (Chrono Boost)  
  33  4:32  Stalker  
  33  4:37  Stalker  
  37  4:45  Pylon  
  37  4:51  Gateway  
  37  4:55  Gateway  
  37  4:59  Observer (Chrono Boost)  
  38  5:09  Twilight Council  
  38  5:11  Forge  
  38  5:13  Probe x2  
  40  5:25  Probe  
  45  5:35  Immortal  
  33  5:58  Stalker x2  
  33  6:01  Sentry x2  
Show
View Real Time Build Order
Export as new Build Order

Kozzy Protoss - Winner!

Build Orders:  

Get SALT Encoding   

  12  0:01  Probe  
  13  0:13  Probe  
  14  0:19  Pylon  
  14  0:27  Probe  
  15  0:39  Probe (Chrono Boost)  
  15  0:41  Gateway  
  17  0:50  Probe (Chrono Boost)  
  17  0:54  Probe (Chrono Boost)  
  18  0:58  Assimilator  
  18  1:22  Pylon  
  18  1:24  Probe  
  19  1:30  Pylon, Assimilator  
  19  1:35  Cybernetics Core  
  19  1:38  Probe (Chrono Boost)  
  20  1:50  Probe (Chrono Boost)  
  21  2:03  Forge  
  21  2:08  Pylon  
  21  2:09  Stalker (Chrono Boost)  
  23  2:16  Warp Gate  
  23  2:20  Probe  
  24  2:35  Gateway  
  24  2:41  Stalker  
  26  2:48  Protoss Ground Weapons Level 1  
  26  2:53  Probe  
  27  3:03  Shield Battery  
  27  3:11  Stalker (Chrono Boost)  
  29  3:26  Stalker (Chrono Boost)  
  31  3:37  Stalker  
  33  3:49  Shield Battery  
  33  3:53  Stalker  
  35  4:07  Stalker  
  37  4:11  Gateway  
  39  4:37  Pylon  
  39  4:39  Gateway  
  37  4:46  Pylon  
  37  4:48  Pylon, Stalker  
  37  4:49  Stalker  
  41  4:59  Photon Cannon  
  41  5:10  Shield Battery  
  41  5:12  Stalker  
  43  5:22  Stalker  
  45  5:30  Stalker  
Tags
 
League
GoldGold
Matchup
PvP
Spawn Locations
Cross Positions
Add a new tag
Caveats
  • Supply blocks, unpowered buildings, or Contaminate may cause inaccurate times.
  • Supply counts are checked every 10 seconds.